 Dungeon Crawl Stone Soup version 0.21.1-1-g345015fe64 (webtiles) character file.

8257 imnir the Basher (level 11, -2/83 HPs)
             Began as a Hill Orc Fighter on June 26, 2018.
             Engulfed by Sonja the fire crab (glowing shapeshifter)'s flame (12 damage)
             ... on level 11 of the Dungeon.
             The game lasted 00:54:31 (9187 turns).

imnir the Basher (Hill Orc Fighter)                 Turns: 9187, Time: 00:54:32

Health: -2/83      AC: 26    Str: 25    XL:     11   Next: 28%
Magic:  11/11      EV:  6    Int: 12    God:    Xom [......]
Gold:   613        SH: 12    Dex: 10    Spells: 10/10 levels left

rFire    . . .     SeeInvis .   p - +4 morningstar
rCold    + . .     Gourm    .   c - +0 shield
rNeg     + . .     Faith    .   o - +4 plate armour
rPois    +         Spirit   .   y - +2 helmet
rElec    .         Reflect  .   x - +0 cloak
rCorr    .         Harm     .   (no gloves)
MR       .....                  k - +2 pair of boots
Stlth    ..........             i - amulet of regeneration
HPRegen  0.63/turn              J - ring of protection from cold
MPRegen  0.12/turn              C - ring of the Augurer {rN+ Int+6}

@: lethally poisoned (-2 -> -2)
A: dopey 1, poison resistance, strong 1, evolution 1
a: Renounce Religion


You were on level 11 of the Dungeon.
You worshipped Xom.
You were a very special plaything of Xom.
You were not hungry.

You visited 1 branch of the dungeon, and saw 11 of its levels.

You collected 613 gold pieces.

Inventory:

Hand Weapons
 e - a +1 flail of holy wrath
 m - a +3 great mace of venom
 p - a +4 morningstar (weapon)
Armour
 c - a +0 shield (worn)
 k - a +2 pair of boots (worn)
 o - a +4 plate armour (worn)
 x - a +0 cloak (worn)
 y - a +2 helmet (worn)
 L - a +0 large shield
Jewellery
 i - an amulet of regeneration (around neck)
 C - the ring of the Augurer (right hand) {rN+ Int+6}
   (You found it on level 7 of the Dungeon)

   [ring of positive energy]

   It affects your intelligence (+6).
   It protects you from negative energy.
 J - a ring of protection from cold (left hand)
Wands
 B - a wand of scattershot (9)
 D - a wand of flame (30)
 M - a wand of clouds (3)
Scrolls
 a - 4 scrolls of teleportation
 g - 5 scrolls of identify
 l - 8 scrolls of remove curse
 q - 3 scrolls of magic mapping
 v - a scroll of immolation
 A - a scroll of fear
 E - 2 scrolls of enchant weapon {unknown}
 F - 2 scrolls of blinking
 H - a scroll of fog
Potions
 b - a potion of haste {unknown}
 d - a potion of might
 h - 3 potions of flight {unknown}
 j - 2 potions of cancellation {unknown}
 n - 3 potions of mutation {unknown}
 r - 3 potions of curing {unknown}
 s - 4 potions of heal wounds {unknown}
 t - a potion of degeneration {unknown}
 u - 2 potions of lignification {unknown}
 w - a potion of magic {unknown}
 z - a potion of agility {unknown}
 G - 3 potions of brilliance {unknown}
 K - a potion of invisibility {unknown}
Comestibles
 f - 11 rations


   Skills:
 - Level 3.7 Fighting
 + Level 13.2 Maces & Flails
 + Level 8.8 Armour
 + Level 2.6 Stealth
 + Level 10.0 Shields
 + Level 1.4 Unarmed Combat
 + Level 0.1 Evocations


You had 10 spell levels left.
You didn't know any spells.

Dungeon Overview and Level Annotations

Branches:
Dungeon (11/15)            Temple (0/1) D:5            Lair (0/6) D:11
    Orc (0/2) D:11

Altars:
Dithmenos
Elyvilon
Fedhas
Gozag
Hepliaklqana
Kikubaaqudgha
Nemelex Xobeh
Qazlal
Ru
Sif Muna
Trog
Vehumet
Wu Jian
Xom
Yredelemnul
Zin

Shops:
D:10 =

Annotations:
D:6 exclusion: oklob plant
D:11 Sonja


Innate Abilities, Weirdness & Mutations

You are dopey. (Int -2)
Your system is resistant to poisons. (rPois)
Your muscles are strong. (Str +2)
You evolve.


Message History

You feel sick.
You feel sick.
There is an open door here.
You feel sick. "Hum-dee-hum-dee-hum..."
Sonja changes into a big kobold!
You are now a very special plaything of Xom.
Sonja the big kobold changes into a rime drake!
You close the door.
You feel sick.
You feel sick.
You start resting.
You feel sick. x15
Sonja the troll opens the door.
Sonja is nearby!
You feel sick.
Sonja the troll changes into a fire crab!
Sonja breathes flames at you. The blast of flame engulfs you!
You are engulfed in blazing flames.
You die...
Xom titters!

........................
=.......................
.......†...†.........#
.....................#
#####......>.........# #
#................# #
#...........§..§.# #
#..........§§§§..# #
#...........@§§§.######## #
#.....########+#t........
#####..####........'.........
.......#........(..#.....####
.......#.........).#.....#
...#####...........####..#
..>#..................####
...#.....................
...#.....................


You could see Sonja the fire crab shaped shifter.

Vanquished Creatures
  A two-headed ogre (D:8)
  A wizard (D:9)
  A cyclops (D:11)
  Maurice (D:8)
  A troll (D:11)
  A hippogriff (D:9)
  Sigmund (D:4)
  A spriggan (D:8)
  A wyvern (D:10)
  6 yaks (D:10)
  Edmund (D:4)
  7 ice beasts
  4 orc warriors
  A phantom (D:9)
  2 sky beasts (D:10)
  An eye of draining (D:9)
  A necrophage (D:8)
  6 ogres
  8 centaurs
  A wolf (D:9)
  A big kobold (D:10)
  2 bullfrogs
  2 scorpions
  9 wights
  3 killer bees (D:7)
  2 howler monkeys
  3 crimson imps
  A quasit (D:10)
  2 jellies (D:6)
  4 orc priests
  A bullfrog skeleton (D:5)
  4 hounds
  3 orc wizards
  Natasha (twice) (D:4)
  An iguana (D:5)
  11 worker ants
  A hound skeleton (D:10)
  A worker ant zombie (D:9)
  12 adders
  3 shadow imps
  An ooze (D:6)
  7 worms
  2 adder skeletons
  9 leopard geckos
  27 orcs
  4 giant cockroaches
  6 goblins
  5 hobgoblins
  10 jackals
  4 quokkas
  A ball python skeleton (D:6)
  8 bats
  5 frilled lizards
  A jackal zombie (D:6)
  7 kobolds
  A leopard gecko skeleton (D:4)
  5 rats
  A plant (D:2)
219 creatures vanquished.

Vanquished Creatures (collateral kills)
  An orc wizard (D:7)
1 creature vanquished.

Vanquished Creatures (others)
  A wyvern skeleton (D:10)
  An adder (D:5)
2 creatures vanquished.

Grand Total: 222 creatures vanquished

Notes
Turn   | Place    | Note
-------+----------+-------------------------------------------
     0 | D:1      | imnir the Hill Orc Fighter began the quest for the Orb.
     0 | D:1      | Reached XP level 1. HP: 19/19 MP: 1/1
   293 | D:1      | Reached XP level 2. HP: 24/27 MP: 2/2
   666 | D:2      | Found a shadowy altar of Dithmenos.
  1010 | D:2      | Reached XP level 3. HP: 31/33 MP: 3/3
  1093 | D:2      | Found a sacrificial altar of Ru.
  1281 | D:2      | Found an ornate altar of the Wu Jian Council.
  1441 | D:2      | Found a shimmering altar of Xom.
  1449 | D:2      | Became a worshipper of Xom of Chaos
  1504 | D:2      | Reached XP level 4. HP: 38/40 MP: 4/4
  1607 | D:2      | XOM: silly message
  1821 | D:2      | XOM: divination: detect creatures
  1919 | D:2      | XOM: god gift: 37 gold pieces
  1958 | D:3      | Reached skill level 3 in Maces & Flails
  1967 | D:3      | XOM is BORED!
  1967 | D:3      | XOM: 1-stop teleportation journey
  1971 | D:3      | XOM: scenery: create altars
  2212 | D:3      | Reached XP level 5. HP: 41/46 MP: 5/5
  2249 | D:3      | XOM: scenery: create altars
  2503 | D:4      | Noticed Sigmund
  2511 | D:4      | Reached skill level 4 in Maces & Flails
  2531 | D:4      | Killed Sigmund
  2531 | D:4      | Reached skill level 5 in Maces & Flails
  2531 | D:4      | Reached skill level 5 in Shields
  2531 | D:4      | Reached XP level 6. HP: 38/52 MP: 6/6
  2588 | D:4      | XOM: summons friendly iron imp
  2645 | D:4      | Noticed Natasha
  2651 | D:4      | Killed Natasha
  2799 | D:4      | Noticed Natasha
  2799 | D:4      | XOM: divination: magic mapping
  2808 | D:4      | Killed Natasha
  2961 | D:4      | Found a white marble altar of Elyvilon.
  3029 | D:4      | Reached XP level 7. HP: 18/58 MP: 7/7
  3151 | D:4      | Noticed Edmund
  3153 | D:4      | XOM: fake destruction
  3166 | D:4      | Killed Edmund
  3166 | D:4      | Reached skill level 6 in Maces & Flails
  3201 | D:4      | XOM is BORED!
  3201 | D:4      | XOM: stat loss: -1 Int (7/8)
  3411 | D:4      | XOM: divination: magic mapping
  3556 | D:4      | XOM is BORED!
  3556 | D:4      | XOM: mild Fire miscast
  3681 | D:5      | Entered Level 5 of the Dungeon
  3702 | D:5      | XOM: enchant monster (good)
  3747 | D:5      | XOM: scenery: create altars
  3766 | D:5      | XOM: destruction
  3767 | D:5      | Reached skill level 7 in Maces & Flails
  3847 | D:5      | Found an opulent altar of Gozag.
  3922 | D:5      | Found a staircase to the Ecumenical Temple.
  3936 | D:5      | XOM: cast spell 'Statue Form'
  3975 | D:5      | Reached XP level 8. HP: 66/66 MP: 8/8
  4020 | D:5      | Reached skill level 5 in Armour
  4038 | D:5      | XOM: potion effect (invisibility)
  4212 | D:5      | Reached skill level 8 in Maces & Flails
  4228 | D:5      | XOM: scenery: create altars
  4513 | D:5      | XOM: give mutation
  4513 | D:5      | Gained mutation: Your system is resistant to poisons. (rPois) [Xom's grace]
  4640 | D:6      | Reached skill level 1 in Stealth
  4666 | D:6      | Reached skill level 9 in Maces & Flails
  4825 | D:6      | Found a blossoming altar of Fedhas.
  4840 | D:6      | Noticed an oklob plant
  4938 | D:6      | XOM: harmless Fire miscast
  4948 | D:6      | Found an ancient bone altar of Kikubaaqudgha.
  4976 | D:6      | Found a bloodstained altar of Trog.
  5018 | D:6      | XOM: god gift: slimy bronze ring {god gift}
  5019 | D:6      | Got a slimy bronze ring {god gift}
  5021 | D:6      | Identified the ring "Weeh Gyli" {+Blink rF+ MP+9 Str-2 Int+2} (Xom gifted it to you on level 6 of the Dungeon)
  5087 | D:6      | XOM: enchant monster (bad)
  5093 | D:6      | Reached XP level 9. HP: 71/71 MP: 9/9
  5150 | D:6      | Found a hazy altar of Hepliaklqana.
  5194 | D:6      | XOM: enchant monster (bad)
  5227 | D:6      | Found a stormy altar of Qazlal.
  5520 | D:7      | Found a radiant altar of Vehumet.
  5526 | D:7      | Reached skill level 10 in Maces & Flails
  5538 | D:7      | Got a fine wooden ring
  5554 | D:7      | XOM: medium Air miscast
  5604 | D:7      | Found a sparkling altar of Nemelex Xobeh.
  5613 | D:7      | Found a glowing silver altar of Zin.
  5640 | D:7      | Found a basalt altar of Yredelemnul.
  5650 | D:7      | Found a deep blue altar of Sif Muna.
  5731 | D:7      | XOM: enchant monster (good)
  5913 | D:7      | You fall through a shaft for 3 floors!
  5913 | D:10     | Entered Level 10 of the Dungeon
  5922 | D:10     | XOM: confuse monster(s)
  5986 | D:9      | Noticed a wizard
  5993 | D:9      | Killed a wizard
  5993 | D:9      | Reached skill level 11 in Maces & Flails
  5993 | D:9      | Reached XP level 10. HP: 68/78 MP: 10/10
  6044 | D:9      | XOM: repel stairs
  6183 | D:8      | Identified the ring of the Augurer {rN+ Int+6} (You found it on level 7 of the Dungeon)
  6345 | D:8      | Noticed Maurice
  6346 | D:8      | Noticed a two-headed ogre
  6368 | D:8      | XOM: 2-stop teleportation journey
  6603 | D:8      | XOM: severe Tmut miscast
  6679 | D:8      | XOM: cast spell 'Cause Fear'
  6680 | D:8      | XOM: cast spell 'Ring of Flames'
  6681 | D:8      | XOM: butterfly on damage
  6682 | D:8      | XOM: summons friendly shadow imp
  6696 | D:8      | XOM: scenery: create altars
  6697 | D:8      | Killed a two-headed ogre
  6704 | D:8      | Killed Maurice
  6704 | D:8      | Reached skill level 12 in Maces & Flails
  6891 | D:9      | XOM: cast spell 'Necromutation'
  6894 | D:9      | XOM: polymorph wyvern -> wolf
  6927 | D:9      | XOM: scenery: create altars
  6988 | D:9      | XOM: medium Tloc miscast
  7024 | D:9      | Reached skill level 1 in Unarmed Combat
  7149 | D:9      | XOM: 4-stop teleportation journey
  7190 | D:9      | XOM: confuse monster(s)
  7562 | D:10     | Reached XP level 11. HP: 83/83 MP: 11/11
  7573 | D:10     | XOM: divine lightning
  7632 | D:10     | XOM: summons 1 hostile shadow creature
  7704 | D:10     | XOM: give mutation
  7704 | D:10     | Gained mutation: Your muscles are strong. (Str +2) [Xom's grace]
  7821 | D:10     | Reached skill level 13 in Maces & Flails
  7955 | D:10     | Found Tocuh's Jewellery Shoppe.
  8067 | D:10     | XOM: summons 3 hostile demons
  8206 | D:10     | XOM: 6-stop teleportation journey
  8217 | D:10     | XOM: scenery: create altars
  8279 | D:10     | XOM: scenery: create altars
  8888 | D:11     | Noticed a cyclops
  8912 | D:11     | XOM: summons friendly crimson imp
  8916 | D:11     | Killed a cyclops
  8987 | D:11     | Found a staircase to the Orcish Mines.
  8994 | D:11     | Found a staircase to the Lair.
  9034 | D:11     | XOM: give mutations
  9034 | D:11     | Gained mutation: Scrolls take you a little longer to read. [Xom's mischief]
  9034 | D:11     | Gained mutation: You evolve. [Xom's mischief]
  9034 | D:11     | Lost mutation: Scrolls take you a little longer to read. [Xom's mischief]
  9034 | D:11     | Gained mutation: You are dopey. (Int -2) [Xom's mischief]
  9060 | D:11     | Identified a scroll of acquirement
  9084 | D:11     | Reached skill level 10 in Shields
  9114 | D:11     | Noticed Sonja
  9153 | D:11     | Sonja changed into Sonja the big kobold
  9153 | D:11     | XOM: polymorph Sonja -> Sonja the big kobold
  9162 | D:11     | HP: 4/83 [poisoned by Sonja]
  9167 | D:11     | HP: 4/83 [poisoned by Sonja]
  9185 | D:11     | Noticed Sonja
  9185 | D:11     | Sonja the troll changed into Sonja the fire crab
  9187 | D:11     | Engulfed by Sonja the fire crab (glowing shapeshifter)'s flame

Skill      XL: |  1  2  3  4  5  6  7  8  9 10 11 |
---------------+----------------------------------+-----
Shields        | 4 5 6 7 8 9 10 | 10.0
Maces & Flails | 3 5 7 9 11 12 13 | 13.2
Armour         | 4 5 6 8 |  8.8
Stealth        | 1 2 |  2.6
Unarmed Combat | 1 |  1.4
Fighting       | |  3.7
Evocations     | |  0.1

Action                   |  1- 3 |  4- 6 |  7- 9 | 10-12 || total
-------------------------+-------+-------+-------+-------++-------
Melee: Flail             |   161 |   107 |       |       ||   268
       Morningstar       |       |    82 |   320 |   252 ||   654
       Unarmed           |       |       |       |    20 ||    20
Evoke: Wand              |       |       |       |     1 ||     1
  Use: Scroll            |     4 |     7 |     8 |     7 ||    26
 Stab: Invisible         |       |       |     2 |       ||     2
       Sleeping          |       |       |     1 |       ||     1
       Petrified         |       |       |     2 |       ||     2
       Confused          |       |       |       |     2 ||     2
  Eat: Chunk             |     2 |       |       |     1 ||     3
       Ration            |       |     2 |     3 |     3 ||     8
Armor: Scale mail        |    74 |       |       |       ||    74
       Plate armour      |    26 |   158 |   145 |   126 ||   455
       Skin              |       |       |     1 |       ||     1
Dodge: Dodged            |    61 |    28 |    44 |    65 ||   198
Block: Shield            |   105 |   101 |   167 |   157 ||   530
